 Dungeon Crawl Stone Soup version 0.27.1 (webtiles) character file.

Game seed: 6148050122828348932

14 speeev33 the Skirmisher (level 2, 27/27 HPs)
             Began as a Hill Orc Fighter on Aug 29, 2021.
             Was a Follower of Sif Muna.
             Quit the game on level 1 of the Dungeon.
             The game lasted 00:01:03 (394 turns).

speeev33 the Skirmisher (Hill Orc Fighter)           Turns: 394, Time: 00:01:03

Health: 27/27      AC:  6    Str: 18    XL:     2   Next: 45%
Magic:  2/2        EV:  7    Int:  8    God:    Sif Muna [*.....]
Gold:   36         SH:  9    Dex: 10    Spells: 1/1 levels left

rFire    . . .     SeeInvis .   a - +0 war axe
rCold    . . .     Faith    .   c - +0 kite shield
rNeg     . . .     Spirit   .   b - +0 scale mail
rPois    .         Reflect  .   (no helmet)
rElec    .         Harm     .   (no cloak)
rCorr    .         Rampage  .   (no gloves)
Will     .....                  (no boots)
Stlth    ..........             (no amulet)
HPRegen  0.09/turn              (no ring)
MPRegen  0.08/turn              (no ring)

@: no status effects
A: no striking features
a: Renounce Religion, Channel Magic


You were on level 1 of the Dungeon.
You worshipped Sif Muna.
Sif Muna was aware of your devotion.
You visited 1 branch of the dungeon, and saw 1 of its levels.

You collected 36 gold pieces.

Inventory:

Hand Weapons
 a - a +0 war axe (weapon)
Armour
 b - a +0 scale mail (worn)
 c - a +0 kite shield (worn)
Potions
 d - a potion of might


   Skills:
 + Level 4.0 Fighting
 + Level 3.2 Axes
 - Level 3.2 Armour
 + Level 3.5 Shields


You had one spell level left.
You didn't know any spells.
Your spell library was empty.

Dungeon Overview and Level Annotations

Branches:
Dungeon (1/15)

Altars:
Sif Muna


Message History

You slash the ball python!
You kill the ball python!
Found 10 poisoned darts and 20 stones.
You block the kobold's attack.
Things that are here:
a +0 short sword; a ball python corpse You slash the kobold!
You kill the kobold!
Your Fighting skill increases to level 4!
You hit the ball python.
The ball python is severely wounded.
The ball python barely misses you. You block the ball python's attack. x2
The ball python grabs you. The ball python constricts you.
You closely miss the ball python.
The ball python is severely wounded.
You block the ball python's attack. The ball python constricts you.
You slash the ball python!
You kill the ball python!
No target in view!
No target in view!
No target in view!
No target in view!
No target in view!
No target in view!
No target in view!
No target in view!
No target in view!
No target in view!
No target in view!
No target in view!
No target in view!
No target in view!
No target in view!
No target in view!
No target in view!
There is a faded altar of an unknown god here.
You cannot tell which god this altar belongs to.
Convert to them anyway?
Sif Muna accepts your prayer! Sif Muna welcomes you!
You can now call upon Sif Muna for magical energy.
Are you sure you want to abandon this character and quit the game? (Confirm with "yes".)

#.# #....####⌠####..
#.#########...8..
+⌠<⌠+ .8
#...............#
##⌠## ..
#########...#..## #+#
##.
############......# .
#8..8..8..)).8.#....
#..............# ###
#..............#.###.
#............@.......
##.............##.####
#....(.........# .#
#....8..∩..8..∩.# #
#......(...........
#...............##.
#.∩..♣..∩.......# #
#...............#
#..............##


There were no monsters in sight!

Vanquished Creatures
  2 bats (D:1)
  An endoplasm (D:1)
  2 goblins (D:1)
  3 jackals (D:1)
  2 ball pythons (D:1)
  3 kobolds (D:1)
13 creatures vanquished.

Notes
Turn   | Place    | Note
-------+----------+-------------------------------------------
     0 | D:1      | speeev33 the Hill Orc Fighter began the quest for the Orb.
     0 | D:1      | Reached XP level 1. HP: 19/19 MP: 1/1
   190 | D:1      | Reached XP level 2. HP: 21/27 MP: 2/2
   368 | D:1      | Found a faded altar of an unknown god.
   376 | D:1      | Reached skill level 4 in Fighting
   393 | D:1      | Became a worshipper of Sif Muna the Loreminder
   393 | D:1      | Reached * piety under Sif Muna
   394 | D:1      | Quit the game

Illustrated notes

Levels and vault maps discovered:
D:1:      grunt_arrival_crossed_arrows, layout_loops_corners,
          hellmonk_ecumenical_altar_arch_garden

Skill      XL: |  1  2 |
---------------+-------+-----
Axes           | 3 |  3.2
Fighting       | 4 |  4.0
Armour         | |  3.2
Shields        | |  3.5

Action                   || total
-------------------------++-------
Melee: War axe           ||    42
Armor: Scale mail        ||    27
Dodge: Dodged            ||    13
Block: Kite shield       ||    25
